 Dungeon Crawl Stone Soup version 0.19-a0-27-g415f530 (webtiles) character file.

211 M4edhros the Insei (level 5, 0/39 HPs)
             Began as a Vampire Monk on May 2, 2016.
             Killed by nerve-wracking pain
             ... invoked by an orc priest
              (7 damage)
             ... on level 9 of the Dungeon.
             The game lasted 00:03:26 (662 turns).

M4edhros the Insei (Vampire Monk)                    Turns: 662, Time: 00:03:27

Health: 0/39       AC:  2    Str:  9 (11) XL:     5   Next: 57%
Magic:  5/5        EV: 11    Int: 11 (13) God:
Gold:   23         SH:  0    Dex: 15 (16) Spells: 0 memorised, 4 levels left

rFire  . . .     SeeInvis +       - Unarmed
rCold  . . .     Gourm    .     b - +0 ring mail
rNeg   . . .     Faith    .     (no shield)
rPois  .         Spirit   .     (helmet restricted)
rElec  .         Dismiss  .     (no cloak)
rCorr  .         Reflect  .     (no gloves)
SustAt .         Harm     .     (no boots)
MR     .....                    (no amulet)
Stlth  ++........               (no ring)
                                (no ring)

@: regenerating very quickly, not resistant to hostile enchantments, unstealthy
A: fangs 3, horns 1, see invisible, deformed body, unbreathing, subdued magic 1
a: no special abilities


You were on level 9 of the Dungeon.
You were almost alive.

You visited 1 branch of the dungeon, and saw 9 of its levels.

You collected 23 gold pieces.

Inventory:

Armour
 a - a +0 robe
 b - a +0 ring mail (worn)
Wands
 d - a wand of disintegration (10/24)
Scrolls
 e - a scroll of recharging {unknown}
 f - a scroll of remove curse {unknown}
Potions
 c - a potion of blood


   Skills:
 - Level 2.6 Fighting
 - Level 3.2 Dodging
 - Level 3.0 Stealth
 + Level 7.6 Unarmed Combat


You had 4 spell levels left.
You didn't know any spells.

Dungeon Overview and Level Annotations

Branches:
Dungeon (9/15)
 Temple: D:4-7         Lair: D:8-11         Orc: D:9-12

Altars:


Innate Abilities, Weirdness & Mutations

Your natural rate of healing is extremely fast.
You have razor-sharp teeth.
You have supernaturally acute eyesight.
You can survive without breathing.
You have a pair of small horns on your head.
Armour fits poorly on your strangely shaped body.
Your spells are a little easier to cast, but a little less powerful.


Message History

The iguana is almost dead.
You hit the iguana.
You kill the iguana!
An orc comes into view.
An orc comes into view.
Found 21 gold pieces.
An orc priest comes into view.
The orc shouts!
The orc priest shouts!
You see here a murky ruby potion.
g - a murky ruby potion The orc priest looks braver for a moment.
Drink which item? (? for menu, Esc to quit)
It was a potion of degeneration.
There was something very wrong with that liquid.
You feel weakened.
You feel dopey.
You feel clumsy.
You punch the orc!
You kill the orc!
The orc priest calls down the wrath of Beogh upon you.
Pain shoots through your body!
You die...

..... ....... .......
.......
###########.......
..................
..$..............
.............###
.....o..[@...#
.............#########
.o.......<............
......................
......................
#############.########
........#######
.......<.......
#######........


You could see an orc priest.

Vanquished Creatures
  A crimson imp (D:7)
  A hound (D:6)
  2 orc wizards (D:7)
  2 iguanas
  A gnoll (D:5)
  An adder (D:6)
  A dart slug (D:1)
  2 orcs
  5 bats
  2 giant cockroaches (D:1)
  2 hobgoblins
  A ball python skeleton (D:6)
  3 giant newts (D:1)
  A goblin (D:1)
  3 kobolds (D:1)
  3 rats (D:1)
31 creatures vanquished.

Notes
Turn   | Place    | Note
--------------------------------------------------------------
     0 | D:1      | M4edhros the Vampire Monk began the quest for the Orb.
     0 | D:1      | Reached XP level 1. HP: 17/17 MP: 1/1
    63 | D:1      | Reached XP level 2. HP: 12/23 MP: 2/2
   105 | D:1      | Reached skill level 5 in Unarmed Combat
   364 | D:4      | Noticed an ogre
   367 | D:4      | Gained mutation: You have a pair of small horns on your head. [potion of mutation]
   367 | D:4      | Gained mutation: Armour fits poorly on your strangely shaped body. [potion of mutation]
   367 | D:4      | Gained mutation: Your spells are a little easier to cast, but a little less powerful. [potion of mutation]
   417 | D:5      | Entered Level 5 of the Dungeon
   421 | D:5      | Reached XP level 3. HP: 23/28 MP: 3/3
   499 | D:6      | Reached skill level 6 in Unarmed Combat
   505 | D:6      | Reached XP level 4. HP: 22/34 MP: 4/4
   569 | D:7      | Reached skill level 7 in Unarmed Combat
   569 | D:7      | Reached XP level 5. HP: 9/39 MP: 5/5
   662 | D:9      | Killed from afar by an orc priest

Vault maps used:
D:1:      dpeg_arrival_leaves_temple_mockup
D:2:      good_gods_mini_temple, uniq_jessica
D:3:      nicolae_overflow_hidden_temple, first_bread
D:5:      minmay_misc_feat_x
D:6:      minmay_temple_entry_trees, basic_altar
D:7:      yredelemnul_altar_generic, small_statue_intersection,
          corexii_leaking_fountain, uniq_prince_ribbit1
D:8:      lemuel_round_altar, david_nohive_1, minmay_misc_feat_cross,
          uniq_maurice
D:9:      xom_teletrap_fun, kennysheep_little_box, uniq_pikel, uniq_psyche,
          uniq_erolcha, uniq_erica

Skill      XL: |  1  2  3  4 |
---------------+-------------+-----
Unarmed Combat | 5 6 7 |  7.6
Fighting       | |  2.6
Dodging        | |  3.2
Stealth        | |  3.0

Action                   |  1- 3 |  4- 6 || total
-------------------------+-------+-------++-------
Melee: Unarmed           |    96 |    30 ||   126
       Bite              |    10 |     2 ||    12
       Headbutt          |     6 |     4 ||    10
  Use: Potion            |    10 |     2 ||    12
       Scroll            |     1 |       ||     1
Armor: Robe              |     8 |       ||     8
       Ring mail         |    39 |       ||    39
Dodge: Dodged            |    88 |     9 ||    97
